 Dungeon Crawl Stone Soup version 0.30.0-29-ga12c61a403 (webtiles) character file.

Game seed: 239525408004946511

502 Fodor the Covered (level 6, -1/84 HPs)
             Began as a Minotaur Fighter on June 21, 2023.
             Was an Initiate of Gozag.
             Succumbed to a scorpion's poison
             ... on level 5 of the Dungeon.
             The game lasted 00:17:13 (3276 turns).

Fodor the Covered (Minotaur Fighter)                Turns: 3276, Time: 00:17:14

Health: -1/84      AC: 23    Str: 22    XL:     6   Next: 95%
Magic:  5/5        EV:  2    Int:  5    God:    Gozag
Gold:   397        SH:  5    Dex: 10    Spells: 5/5 levels left

rFire   + . .        o - +2 short sword (holy)
rCold   . . .        c - +0 buckler
rNeg    . . .        z - melded +0 chain mail
rPois   +            (helmet currently unavailable)
rElec   .            (cloak currently unavailable)
rCorr   .            (gloves currently unavailable)
SInv    +            (boots currently unavailable)
Will    .....        g - amulet of the acrobat
Stlth   +            q - ring of see invisible
HPRegen 0.34/turn    p - ring of protection from fire
MPRegen 0.09/turn

%: acrobat
@: lethally poisoned (-1 -> -13), tree-form
A: stationary, stasis, torment immunity, boosted hp, (horns 2), (retaliatory
headbutt)
a: Renounce Religion, Potion Petition, Call Merchant, Bribe Branch


You were on level 5 of the Dungeon.
You worshipped Gozag.
Gozag was aware of your devotion.
You were a tree.
You visited 1 branch of the dungeon, and saw 5 of its levels.

You collected 437 gold pieces.
You paid 40 gold pieces to Gozag.

Inventory:

Hand Weapons
 a - a +0 long sword
 o - a +2 short sword of holy wrath (weapon)
Missiles
 e - 4 javelins
 n - 13 poisoned darts (quivered)
 t - 7 boomerangs
 B - 2 throwing nets
Armour
 c - a +0 buckler (worn)
 z - a +0 chain mail (melded)
Jewellery
 g - an amulet of the acrobat (around neck)
 h - a ring of resist corrosion
 p - a ring of protection from fire (right branch)
 q - a ring of see invisible (left branch)
Scrolls
 b - 2 scrolls of poison {unknown}
 f - a scroll of noise {unknown}
 j - a scroll of silence {unknown}
 k - a scroll of magic mapping {unknown}
 l - 2 scrolls of identify {unknown}
 m - a scroll of teleportation {unknown}
 r - a scroll of fog {unknown}
 s - a scroll of blinking {unknown}
 v - a scroll of vulnerability {unknown}
 y - a scroll of fear {unknown}
Potions
 d - a potion of might
 i - a potion of lignification
 u - a potion of degeneration {unknown}
 w - a potion of ambrosia {unknown}
 x - a potion of flight
 A - a potion of brilliance {unknown}


   Skills:
 + Level 5.0 Fighting
 + Level 3.0(3.6) Short Blades
 + Level 3.1(3.8) Long Blades
 + Level 1.9 Throwing
 + Level 5.7 Armour
 + Level 1.4 Dodging
 + Level 0.3 Stealth
 + Level 5.2 Shields


You had 5 spell levels left.
You didn't know any spells.
Your spell library contained the following spells:

 Spells                   Type           Power      Damage    Failure   Level
 Kiss of Death            Conj/Necr      0%         2d5       54%         1
 Confusing Touch          Hex            0%         N/A       88%         3
 Dispel Undead            Necr           0%         3d6       99%         4


Dungeon Overview and Level Annotations

Branches:
Dungeon (5/15)             Temple (0/1) D:4

Altars:
Elyvilon
Gozag
Hepliaklqana
Uskayaw


Innate Abilities, Weirdness & Mutations

You are a tree.
Your roots penetrate the ground, keeping you stationary.
You cannot be teleported.
You are immune to unholy pain and torment.
Your maximum health is greatly increased.
Your equipment is partially melded.
((You have a pair of horns on your head.))
((You reflexively headbutt those who attack you in melee.))


Message History

You hit the scorpion but do no damage. You headbutt the scorpion.
The scorpion is heavily wounded.
You feel sick.
The scorpion stings you but does no damage.
You closely miss the scorpion. Your headbutt misses the scorpion.
The scorpion is heavily wounded.
You feel sick. The scorpion stings you.
* * * LOW HITPOINT WARNING * * *
You completely miss the scorpion.
The scorpion is heavily wounded.
You feel sick. The scorpion stings you.
* * * LOW HITPOINT WARNING * * *
You are lethally poisoned!
The scorpion poisons you!
You hit the scorpion but do no damage.
The scorpion is heavily wounded.
* * * LOW HITPOINT WARNING * * *
You feel very sick.
The scorpion stings you but does no damage.
You closely miss the scorpion.
You headbutt the scorpion, but do no damage.
The scorpion is heavily wounded.
* * * LOW HITPOINT WARNING * * *
You feel sick. The scorpion closely misses you.
You closely miss the scorpion.
The scorpion is heavily wounded.
* * * LOW HITPOINT WARNING * * *
You feel sick. The scorpion stings you.
* * * LOW HITPOINT WARNING * * *
You are more poisoned.
The scorpion poisons you!
It was a potion of lignification.
You turn into a tree.
Your +0 chain mail melds into your body.
Your roots penetrate the ground.
* * * LOW HITPOINT WARNING * * *
You feel very sick.
The scorpion stings you but does no damage.
It was a potion of flight.
Your roots keep you in place.
You die...
Your body crumbles into a pile of gold.

...# $ ...#
.#..######...#..
....#..).....#..
#...#........... #..
#..........# .### #.#
#.........#.
.....####.###...<.......
####...♣s....#'#...#####
$.......$.......#.#.#
[...#.......#......##
#.. #.......#.......# #
#.......#.....>.+
#.......#.......#
#.......#.......#
#.......#.......#
#.......#.......#


You could see a scorpion.

Vanquished Creatures
  A black bear (D:4)
  A kobold brigand (D:4)
  A scorpion (D:4)
  A sleepcap (D:4)
  2 orc wizards (D:4)
  7 gnolls (D:4)
  5 adders
  2 shadow imps (D:5)
  A worm (D:2)
  2 dart slugs
  6 orcs
  A bat (D:1)
  9 endoplasms
  2 giant cockroaches
  6 goblins
  5 hobgoblins
  2 jackals (D:2)
  2 quokkas (D:4)
  5 ball pythons
  2 frilled lizards
  9 kobolds
  5 rats
77 creatures vanquished.

Notes
Turn   | Place    | Note
-------+----------+-------------------------------------------
     0 | D:1      | Fodor the Minotaur Fighter began the quest for the Orb.
     0 | D:1      | Reached XP level 1. HP: 19/19 MP: 0/0
   187 | D:1      | Reached XP level 2. HP: 27/27 MP: 1/1
   224 | D:1      | Found a faded altar of an unknown god.
   832 | D:2      | Reached XP level 3. HP: 33/33 MP: 2/2
  1503 | D:3      | Reached skill level 1 in Throwing
  1556 | D:3      | Reached XP level 4. HP: 22/40 MP: 3/3
  1623 | D:3      | Found an opulent altar of Gozag.
  1631 | D:3      | Became a worshipper of Gozag Ym Sagoz the Greedy
  1936 | D:3      | Found a hide-covered altar of Uskayaw.
  2218 | D:3      | Found a white marble altar of Elyvilon.
  2277 | D:4      | Reached skill level 1 in Short Blades
  2284 | D:4      | Reached XP level 5. HP: 33/47 MP: 4/4
  2333 | D:4      | Found a staircase to the Ecumenical Temple.
  2448 | D:4      | Noticed a black bear
  2462 | D:4      | Killed a black bear
  2463 | D:4      | Reached skill level 1 in Dodging
  2493 | D:4      | Reached skill level 5 in Armour
  2493 | D:4      | Reached XP level 6. HP: 40/53 MP: 5/5
  2664 | D:4      | Reached skill level 5 in Shields
  2676 | D:4      | Found a hazy altar of Hepliaklqana.
  3134 | D:4      | Reached skill level 5 in Fighting
  3209 | D:5      | Entered Level 5 of the Dungeon
  3275 | D:5      | HP: 1/84 [poisoned by a scorpion]
  3276 | D:5      | Succumbed to a scorpion's poison

Illustrated notes

Levels and vault maps discovered:
D:1:      lightli_molten_gateway, layout_rooms, basic_ecumenical_altar,
          minivault_25, minmay_misc_feat_secret_circle,
          nicolae_concentric_dashed_squares_wild, minmay_misc_feat_five
D:2:      layout_loops_ring, dreamdust_princess_corridor
D:3:      layout_basic, eat_drink_and_be_merry_uskayaw, grunt_gozag_statues,
          lemuel_crystal_altar
D:4:      layout_rooms, worldfamousw_hep_ancestral_shrine,
          lemuel_temple_firewalk_a, lexackson_kobold_supper
D:5:      layout_basic, trog_butcher_becter, nicolae_overflow_crystal_walls,
          mainiacjoe_overflow_surrounded_room,
          nicolae_ru_great_annihilating_truth

Skill      XL: |  1  2  3  4  5  6 |
---------------+-------------------+-----
Shields        | 4 5 |  5.2
Fighting       | 4 5 |  5.0
Armour         | 4 5 |  5.7
Throwing       | 1 |  1.9
Short Blades   | 1 2 3 |  3.0
Long Blades    | 3 |  3.1
Dodging        | 1 |  1.4
Stealth        | |  0.3

Action                     |  1- 3 |  4- 6 || total
---------------------------+-------+-------++-------
  Melee: Long sword        |    39 |       ||    39
         Headbutt          |     7 |    29 ||    36
         Short sword       |    28 |   158 ||   186
  Throw: Javelin           |    15 |    11 ||    26
         Dart              |       |    11 ||    11
    Use: Potion            |       |     5 ||     5
 Armour: Scale mail        |    32 |     5 ||    37
         Chain mail        |       |    59 ||    59
         Skin              |       |     1 ||     1
  Dodge: Dodged            |    23 |    75 ||    98
  Block: Buckler           |    12 |    42 ||    54
